 Dungeon Crawl Stone Soup version 0.31-a0-354-g827e0957a7 (webtiles) character file.

Game seed: 9818002169272326209

1869 greasedhog the Spear-Bearer (level 9, -8/68 HPs)
             Began as a Formicid Berserker on July 24, 2023.
             Was a Follower of Qazlal.
             Mangled by a polar bear (12 damage)
             ... created by the rage of Trog
             ... on level 12 of the Dungeon.
             The game lasted 00:10:27 (6065 turns).

greasedhog the Spear-Bearer (Formicid Berserker)    Turns: 6065, Time: 00:10:27

Health: -8/68      AC: 18    Str: 26    XL:     9   Next: 35%
Magic:  9/9        EV:  8    Int:  7    God:    Qazlal [*.....]
Gold:   488        SH:  1    Dex: 13    Spells: 8/8 levels left

rFire   . . .        p - +0 trident
rCold   . . .        (no shield)
rNeg    . . .        f - +0 plate armour
rPois   .            (helmet unavailable)
rElec   .            (no cloak)
rCorr   +            a - +0 pair of gloves
SInv    +            (no boots)
Will    .....        r - amulet of regeneration Stlth
                     q - +4 ring of protection
HPRegen 1.11/turn    n - ring of resist corrosion
MPRegen 0.11/turn

%: no passive effects
@: no status effects
A: permanent stasis, dig shafts and tunnels, antennae 3, four strong arms
a: Dig, Shaft Self, Renounce Religion


You were on level 12 of the Dungeon.
You worshipped Qazlal.
Qazlal was aware of your devotion.
You visited 2 branches of the dungeon, and saw 11 of its levels.
You also visited: Sewer.

You collected 488 gold pieces.

Inventory:

Hand Weapons
 p - a +0 trident (weapon)
Missiles
 l - a throwing net
Armour
 a - a +0 pair of gloves (worn)
 f - a +0 plate armour (worn)
Jewellery
 c - a ring of flight
 d - an amulet of the acrobat
 n - a ring of resist corrosion (right hand)
 q - a +4 ring of protection (left hand)
 r - an amulet of regeneration (around neck)
 s - a +4 ring of protection
 B - a ring of magical power
Wands
 t - a wand of roots (13)
 A - a wand of mindburst (21)
Scrolls
 h - a scroll of immolation {unknown}
 i - a scroll of fog
 j - a scroll of vulnerability {unknown}
 m - 2 scrolls of noise {unknown}
 v - a scroll of fear
 w - a scroll of revelation {unknown}
 x - a scroll of enchant weapon {unknown}
 y - 3 scrolls of identify
Potions
 b - a potion of brilliance
 e - 4 potions of mutation {unknown}
 g - 2 potions of curing {unknown}
 k - a potion of degeneration {unknown}
 o - 3 potions of heal wounds {unknown}
 u - a potion of invisibility {unknown}
 z - a potion of resistance {unknown}


   Skills:
 - Level 5.0 Fighting
 * Level 9.9 Polearms
 + Level 6.6 Armour
 - Level 1.7 Dodging


You had 8 spell levels left.
You didn't know any spells.
Your spell library contained the following spells:

 Spells                   Type           Power      Damage    Failure   Level
 Summon Small Mammal      Summ           0%         N/A       99%         1
 Call Canine Familiar     Summ           0%         N/A       100%        3
 Summon Guardian Golem    Hex/Summ       0%         N/A       100%        3


Dungeon Overview and Level Annotations

Branches:
Dungeon (9/15)             Temple (1/1) D:5           Sewer (visited)
   Lair: D:8-11         Orc: D:9-12

Altars:
Ashenzari
Dithmenos
Fedhas
Gozag
Hepliaklqana
Kikubaaqudgha
Makhleb
Okawaru
Qazlal
Ru
Sif Muna
Trog
Uskayaw
Vehumet
Wu Jian
Xom
The Shining One

Shops:
D:1 =

Annotations:
D:4 2 transporters, HotCheetoh's ghost, amateur MiFi
D:6 3 runed translucent doors, avis's ghost, novice HOSh


Innate Abilities, Weirdness & Mutations

You cannot be hasted, slowed, berserked, paralysed or teleported.
You can dig through walls and to a lower floor.
You have a pair of large antennae on your head. (SInv)
Your four strong arms can wield two-handed weapons with a shield.


Message History

The black bear barely misses you.
The black bear claws you but does no damage.
The black bear bites you.
The black bear claws you but does no damage.
The black bear completely misses you. The polar bear closely misses you.
The polar bear claws you but does no damage.
The polar bear closely misses you.
The ogre rages.
The black bear is engulfed in blazing flames.
The black bear bites you but does no damage.
The black bear claws you. x2; The polar bear barely misses you. x2
The polar bear claws you. The black bear closely misses you.
The black bear claws you but does no damage.
The black bear claws you.
The ogre is engulfed in blazing flames.
The black bear attacks as you move away!
The black bear bites you but does no damage.
The black bear claws you but does no damage.
The black bear claws you.
The polar bear is engulfed in blazing flames.
The black bear barely misses you. The black bear closely misses you. x2
The polar bear bites you.
The polar bear claws you but does no damage.
The polar bear barely misses you.
You puncture the ogre!
The ogre is heavily wounded.
The ogre hits you with a +0 giant club. The polar bear bites you!
The polar bear barely misses you.
The polar bear claws you but does no damage.
You barely miss the ogre.
The ogre is heavily wounded.
The polar bear bites you. The polar bear claws you.
The polar bear barely misses you.
The ogre hits you with a +0 giant club!!
* * * LOW HITPOINT WARNING * * *
Unknown command.
You puncture the ogre!
The ogre is heavily wounded.
The polar bear bites you!
You die...

#..#♣♣P~.♣......#
#O.#♣~~P♣.......
#..♣♣.P♣.......
##.............
##..............
##...............
##.....)..........
##hhh...#####......
#.@O....#####......
#.......#####......
#.......#####...$##
#.......#####....#
#................#
#...............
#..............
#.........


You could see 2 polar bears, a black bear (berserk) and an ogre (berserk).

Vanquished Creatures
  A troll (D:9)
  Eustachio (D:6)
  A yak (D:8)
  Pargi (Sewer)
  An ice beast (D:6)
  A black bear (D:6)
  A centaur (D:12)
  2 phantoms
  2 scorpions
  3 wights (D:6)
  3 hounds
  An orc priest (D:5)
  2 jellies
  Jessica (D:2)
  An iguana (D:6)
  2 orc wizards (D:4)
  14 adders
  2 river rats (D:5)
  An ufetubus (D:6)
  8 worms
  4 dart slugs
  8 orcs
  10 ball pythons
  6 bats
  11 endoplasms
  5 giant cockroaches
  10 goblins
  11 hobgoblins
  3 quokkas
  6 frilled lizards
  8 kobolds
  8 rats
139 creatures vanquished.

Notes
Turn   | Place    | Note
-------+----------+-------------------------------------------
     0 | D:1      | greasedhog the Formicid Berserker began the quest for the
                  | Orb.
     0 | D:1      | Reached XP level 1. HP: 18/18 MP: 1/1
   133 | D:1      | Reached XP level 2. HP: 21/24 MP: 2/2
   480 | D:1      | Found Suafuz's Jewellery Boutique.
   531 | D:1      | Reached XP level 3. HP: 5/30 MP: 3/3
  1141 | D:2      | Reached skill level 4 in Polearms
  1236 | D:2      | Reached XP level 4. HP: 33/37 MP: 4/4
  1333 | D:2      | Reached ** piety under Trog
  1467 | D:2      | Noticed Jessica
  1485 | D:2      | Killed Jessica
  1486 | D:2      | Reached XP level 5. HP: 37/42 MP: 5/5
  2035 | D:2      | Reached skill level 5 in Polearms
  2316 | D:3      | Noticed a phantom
  2329 | D:3      | Killed a phantom
  2330 | D:3      | Reached XP level 6. HP: 46/50 MP: 6/6
  2602 | D:3      | Reached skill level 5 in Fighting
  2717 | D:4      | Reached *** piety under Trog
  2781 | D:4      | Noticed HotCheetoh's ghost (amateur MiFi)
  2782 | D:4      | Noticed an orc warrior
  2793 | D:4      | Reached skill level 6 in Polearms
  2890 | D:4      | Found a transporter.
  2894 | D:4      | Found a transporter.
  2947 | D:4      | Reached XP level 7. HP: 51/56 MP: 7/7
  3490 | D:5      | Entered Level 5 of the Dungeon
  3514 | D:5      | Found a broken altar of Ashenzari.
  3614 | D:5      | Found a staircase to the Ecumenical Temple.
  3627 | Temple   | Entered the Ecumenical Temple
  3653 | Temple   | Fell from the grace of Trog
  3653 | Temple   | Became a worshipper of Qazlal Stormbringer
  3706 | D:5      | Found a shimmering altar of Xom.
  3817 | D:5      | Reached skill level 7 in Polearms
  4124 | D:5      | Found a glowing drain.
  4135 | Sewer    | Entered a sewer
  4172 | Sewer    | Noticed Pargi
  4187 | Sewer    | Killed Pargi
  4188 | Sewer    | Reached XP level 8. HP: 52/62 MP: 8/8
  4343 | D:6      | Noticed Eustachio
  4372 | D:6      | Killed Eustachio
  4373 | D:6      | Reached skill level 8 in Polearms
  4394 | D:6      | Reached * piety under Qazlal
  4424 | D:6      | Reached skill level 5 in Armour
  4439 | D:6      | Found a runed translucent gate.
  4439 | D:6      | Found a runed translucent gate.
  4439 | D:6      | Found a runed translucent gate.
  4440 | D:6      | Noticed avis's ghost (novice HOSh)
  4687 | D:6      | Found a hazy altar of Hepliaklqana.
  4719 | D:6      | Found a sacrificial altar of Ru.
  5010 | D:6      | Reached skill level 9 in Polearms
  5010 | D:6      | Reached XP level 9. HP: 62/66 MP: 9/9
  5799 | D:7      | You fall into a shaft and drop 2 floors!
  5879 | D:9      | Noticed a troll
  5891 | D:9      | Killed a troll
  5999 | D:9      | Noticed a polar bear
  5999 | D:9      | Noticed a polar bear
  6002 | D:9      | You fall into a shaft and drop 3 floors!
  6056 | D:12     | Noticed a polar bear
  6056 | D:12     | Noticed a polar bear
  6064 | D:12     | HP: 3/68 [ogre/+0 giant club[the rage of Trog] (27)]
  6065 | D:12     | Mangled by a polar bear

Illustrated notes

Levels and vault maps discovered:
D:1:      dpeg_arrival_central, layout_basic, serial_shops, shop,
          minmay_worlds_worst_comb
D:2:      minmay_razor_zed, layout_basic, chequers_decorated_corner,
          minmay_tripent, uniq_jessica
D:3:      layout_rooms, moated_statue
D:4:      layout_loops_ring, gammafunk_ghost_arena
D:5:      layout_basic, xom_teletrap_fun, nicolae_ashenzari_skybound,
          minmay_temple_entry_junction, lightli_sewer_entry_pipes
D:6:      layout_layer_cave, mainiacjoe_overflow_two_lobes,
          ebering_ghost_rock_garden, dreamdust_wishing_well, uniq_eustachio
D:7:      layout_loops_ring, lemuel_mausoleum_altar_yredelemnul,
          nemelex_dance_club_becter, uniq_pikel, uniq_joseph
D:8:      layout_gridville, kennysheep_little_box, serial_shops,
          nicolae_shop_just_a_little_nook, uniq_psyche
D:9:      minmay_chambers_of_sevens, layout_stronghold,
          mainiacjoe_overflow_swirl, serial_shops, shop, enter_bailey_2,
          uniq_maurice
D:12:     layout_big_octagon, gauntlet_entry_generic, serial_bayou,
          serial_bayou_pond_e, serial_bayou_pond_d, serial_bayou_pond_d,
          serial_bayou_crossing, serial_bayou_pond_c
Temple:   compressed_dpeg_triangle_lava_temple

Skill      XL: |  1  2  3  4  5  6  7  8  9 |
---------------+----------------------------+-----
Polearms       | 4 5 6 7 9 |  9.9
Fighting       | 4 5 |  5.0
Armour         | 4 5 6 |  6.6
Dodging        | |  1.7

Action                     |  1- 3 |  4- 6 |  7- 9 || total
---------------------------+-------+-------+-------++-------
  Melee: Spear             |   149 |   152 |       ||   301
         Punch             |     1 |     2 |     6 ||     9
         Trident           |       |    70 |   311 ||   381
Ability: Shaft Self        |       |       |     2 ||     2
  Evoke: Wand              |       |       |     1 ||     1
    Use: Scroll            |       |     3 |     1 ||     4
 Armour: Animal skin       |     7 |       |       ||     7
         Plate armour      |    46 |    72 |   227 ||   345
  Dodge: Dodged            |    61 |    68 |   131 ||   260
  Block: Other             |       |       |     5 ||     5

Table legend: (Time is in decaauts)
 A = Elapsed time spent in this place.
 B = Non-inter-level travel time spent in this place.
 C = Inter-level travel time spent in this place.
 D = Time resting spent in this place.
 E = Time spent auto-exploring this place.
 F = Levels seen in this place.
 G = Mean time per level.
                   A        B        C        D        E       F      G
               +--------+--------+--------+--------+--------+-----+--------+
         Total |   6076 |   5878 |    198 |    184 |   4204 |  12 |  506.3 |
       Dungeon |   5848 |   5650 |    198 |    184 |   4114 |  10 |  584.8 |
        Temple |     42 |     42 |      0 |      0 |      0 |   1 |   42.0 |
         Sewer |    185 |    185 |      0 |      0 |     89 |   1 |  185.0 |
               +--------+--------+--------+--------+--------+-----+--------+

Top non-repeatable levels by time:
     D:6: 1414 daAuts
     D:2: 1104 daAuts
     D:1: 1084 daAuts
     D:4: 853 daAuts
     D:5: 632 daAuts
     D:3: 461 daAuts
   Sewer: 185 daAuts
     D:9: 135 daAuts
     D:8: 63 daAuts
    D:12: 61 daAuts
  Temple: 42 daAuts
     D:7: 37 daAuts
